 Dungeon Crawl Stone Soup version 0.31-a0-986-g5e6e4ef867 (webtiles) character file.

Game seed: 16702267136580582420

41 LeprechaunX the Changeling (level 3, 0/23 HPs)
             Began as an Octopode Shapeshifter on Nov 20, 2023.
             Succumbed to an adder's poison
             ... on level 1 of the Dungeon.
             The game lasted 00:01:23 (766 turns).

LeprechaunX the Changeling (Octopode Shapeshifter)   Turns: 766, Time: 00:01:23

Health: 0/23       AC:  1    Str: 13    XL:     3   Next: 52%
Magic:  4/4        EV: 13    Int: 12    God:
Gold:   26         SH:  0    Dex: 13    Spells: 2/4 levels left

rFire   + .          .
                       - Unarmed
rCold   + . .        (no shield)
rNeg    . . .        (helmet currently unavailable)
rPois   +            (no amulet)
rElec   +            k - ring of resist corrosion
rCorr   +            (no ring)
SInv    .            (no ring)
Will    .....        (no ring)
Stlth   ++           (no ring)
HPRegen 0.23/turn    (no ring)
MPRegen 0.09/turn    (no ring)
                     (no ring)

%: no passive effects
@: lethally poisoned (0 -> -2), beast-form, resistant
A: beast (slay +1), almost no armour, amphibious, 8 rings, camouflage 1,
gelatinous body 1, (nimble swimmer 1), tentacles
a: Begin Untransformation


You were on level 1 of the Dungeon.
You were a hulking beast.
You visited 1 branch of the dungeon, and saw 2 of its levels.

You collected 26 gold pieces.

Inventory:

Hand Weapons
 m - a +0 sling
Missiles
 i - 4 boomerangs (quivered)
Jewellery
 k - a ring of resist corrosion (left tentacle)
Talismans
 b - a beast talisman
 c - a flux talisman
Scrolls
 d - a scroll of poison {unknown}
 g - a scroll of silence {unknown}
 h - a scroll of vulnerability {unknown}
 j - a scroll of brand weapon {unknown}
Potions
 a - a potion of lignification
 f - a potion of brilliance {unknown}
 l - a potion of mutation {unknown}


   Skills:
 + Level 1.6 Fighting
 + Level 0.3 Throwing
 - Level 2.0 Dodging
 + Level 3.2 Unarmed Combat
 + Level 1.0 Spellcasting
 + Level 0.1 Transmutations
 * Level 3.4 Shapeshifting


You had 2 spell levels left.
You knew the following spells:

 Your Spells              Type           Power      Damage    Failure   Level
a - Wereblood             Tmut           1%         N/A       38%         2

Your spell library contained the following spells:

 Spells                   Type           Power      Damage    Failure   Level
 Irradiate                Conj/Tmut      0%         3d11      100%        5


Dungeon Overview and Level Annotations

Branches:
Dungeon (2/15)

Altars:


Innate Abilities, Weirdness & Mutations

You are a hulking beast.
Your limbs bulge with bestial killing power. (Slay +1)
You cannot wear most types of armour.
You are amphibious.
You can wear up to eight rings at the same time.
Your skin changes colour to match your surroundings (Stealth+).
Your rubbery body absorbs attacks. (AC +1, EV +1)
((You are camouflaged when in or above water. (Stealth+)))
You have tentacles for arms and can constrict up to eight enemies at once.


Message History

You are poisoned.
The adder poisons you!
There is a stone staircase leading up here.
You feel sick. The adder closely misses you.
The goblin hits you with a +0 club.
You climb upwards.
You feel sick.
There is a stone staircase leading down here.
You feel sick. The adder attacks as it pursues you!
The adder barely misses you.
You tentacle-slap the adder. Your grab misses the adder.
The adder is heavily wounded.
You feel sick. The adder bites you.
You tentacle-slap the adder but do no damage.
Your grab misses the adder. You squeeze the adder.
The adder is almost dead.
You feel sick.
You are no longer poisoned.
The adder bites you.
* * * LOW HITPOINT WARNING * * *
You are lethally poisoned!
The adder poisons you! The adder misses you.
You completely miss the adder. You grab the adder. You squeeze the adder.
You kill the adder!
* * * LOW HITPOINT WARNING * * *
You feel sick.
Your Spellcasting skill increases to level 1!
You closely miss the goblin. Your grab misses the goblin.
The goblin is heavily wounded.
* * * LOW HITPOINT WARNING * * *
You feel sick.
Unknown command.
You bludgeon the goblin!
You kill the goblin!
* * * LOW HITPOINT WARNING * * *
You feel sick.
Unknown command.
There is a lethal amount of poison in your body!
It was a potion of resistance.
You feel protected.
You die...

#.#...#.# #.#
#.#....>######## #.#
#####.##.###.......# #.#
..............####.######.#
#...#(.###.#..#.........#)#
#...#..# #......##.####.#.#
.......###.#..............#
......#...##..####.####.#.#
.........###....h>.# #.#.#
....####.# #..#######
#.#.####### #...# #.#
#..#.....# #.........#
#.###
#.###..#.....#####.#####.#
#.# #...........†......#
#.#
#.##########..#...>.#####.#
###.# #.............#.....#
#.# #..)#
#######.......####### #.#
#.### #.####### #.# #.#


There were no monsters in sight!

Vanquished Creatures
  An adder (D:1)
  5 dart slugs (D:1)
  An endoplasm (D:1)
  3 giant cockroaches (D:1)
  3 goblins (D:1)
  A hobgoblin (D:1)
  3 ball pythons (D:1)
  3 bats (D:1)
  3 rats (D:1)
23 creatures vanquished.

Notes
Turn   | Place    | Note
-------+----------+-------------------------------------------
     0 | D:1      | LeprechaunX the Octopode Shapeshifter began the quest for
                  | the Orb.
     0 | D:1      | Reached XP level 1. HP: 13/13 MP: 1/1
    92 | D:1      | Reached XP level 2. HP: 18/18 MP: 2/2
   389 | D:1      | Learned a level 2 spell: Wereblood
   495 | D:1      | Reached XP level 3. HP: 23/23 MP: 4/4
   764 | D:1      | Reached skill level 1 in Spellcasting
   765 | D:1      | HP: 1/23 [poisoned by an adder]
   766 | D:1      | Succumbed to an adder's poison

Illustrated notes

Levels and vault maps discovered:
D:1:      dpeg_arrival_orchard, layout_loops_ring
D:2:      layout_rooms

Skill      XL: |  1  2  3 |
---------------+----------+-----
Spellcasting   | 1 |  1.0
Fighting       | |  1.6
Throwing       | |  0.3
Dodging        | |  2.0
Unarmed Combat | |  3.2
Transmutations | |  0.1
Shapeshifting  | |  3.4

Action                     || total
---------------------------++-------
  Melee: Unarmed           ||    42
         Constrict         ||    16
         Tentacles         ||     7
    Use: Potion            ||     1
   Stab: Sleeping          ||     7
 Armour: Skin              ||    26
  Dodge: Dodged            ||    23

Table legend: (Time is in decaauts)
 A = Elapsed time spent in this place.
 B = Non-inter-level travel time spent in this place.
 C = Inter-level travel time spent in this place.
 D = Time resting spent in this place.
 E = Time spent auto-exploring this place.
 F = Levels seen in this place.
 G = Mean time per level.
                   A        B        C        D        E       F      G
               +--------+--------+--------+--------+--------+-----+--------+
         Total |    763 |    719 |     44 |      0 |    558 |   2 |  381.5 |
       Dungeon |    763 |    719 |     44 |      0 |    558 |   2 |  381.5 |
               +--------+--------+--------+--------+--------+-----+--------+

Top non-repeatable levels by time:
     D:1: 754 daAuts
     D:2: 8 daAuts
